 Dungeon Crawl Stone Soup version 0.21.1-1-g345015f (webtiles) character file.

3 tidbits the Grave Robber (level 1, 12/13 HPs)
             Began as a Gnoll Necromancer on June 29, 2018.
             Was a Follower of Vehumet.
             Quit the game on level 2 of the Dungeon.
             The game lasted 00:00:46 (66 turns).

tidbits the Grave Robber (Gnoll Necromancer)          Turns: 66, Time: 00:00:47

Health: 12/13      AC:  2    Str: 10    XL:     1   Next: 50%
Magic:  6/6        EV: 14    Int: 17    God:    Vehumet [*.....]
Gold:   0          SH:  0    Dex: 15    Spells: 8/9 levels left

rFire    . . .     SeeInvis .   a - +0 spear (freeze)
rCold    . . .     Gourm    .   (no shield)
rNeg     . . .     Faith    .   d - +0 robe
rPois    .         Spirit   .   (no helmet)
rElec    .         Reflect  .   (no cloak)
rCorr    .         Harm     .   (no gloves)
MR       .....                  (no boots)
Stlth    +++.......             (no amulet)
HPRegen  0.04/turn              (no ring)
MPRegen  0.10/turn              (no ring)

@: no status effects
A: distributed training, fangs 1, strong nose
a: Renounce Religion


You were on level 2 of the Dungeon.
You worshipped Vehumet.
Vehumet was aware of your devotion.
You were not hungry.

You visited 1 branch of the dungeon, and saw 2 of its levels.

Inventory:

Hand Weapons
 a - a +0 spear of freezing (weapon)
   (You found it on level 1 of the Dungeon)
 e - a +0 hand axe of flaming
   (You found it on level 1 of the Dungeon)
Armour
 d - a +0 robe (worn)
Potions
 f - a potion of haste {unknown}
Books
 b - a book of Necromancy

   Spells                             Type                      Level
   a - Pain                           Necromancy                   1
   b - Animate Skeleton               Necromancy                   1
   c - Vampiric Draining              Necromancy                   3
   d - Regeneration                   Charms/Necromancy            3
   e - Animate Dead                   Necromancy                   4
   f - Borgnjor's Vile Clutch         Necromancy/Earth             5
Comestibles
 c - a ration


   Skills:
 + Level 0.0 Fighting
 + Level 0.0 Short Blades
 + Level 0.0 Long Blades
 + Level 0.0 Axes
 + Level 0.0 Maces & Flails
 + Level 0.0 Polearms
 + Level 0.0 Staves
 + Level 0.0 Slings
 + Level 0.0 Bows
 + Level 0.0 Crossbows
 + Level 0.0 Throwing
 + Level 0.0 Armour
 + Level 4.4 Dodging
 + Level 4.0 Stealth
 + Level 0.0 Shields
 + Level 0.0 Unarmed Combat
 + Level 4.8 Spellcasting
 + Level 0.0 Conjurations
 + Level 0.0 Hexes
 + Level 0.0 Charms
 + Level 0.0 Summonings
 + Level 7.0 Necromancy
 + Level 0.0 Translocations
 + Level 0.0 Transmutations
 + Level 0.0 Fire Magic
 + Level 0.0 Ice Magic
 + Level 0.0 Air Magic
 + Level 0.0 Earth Magic
 + Level 0.0 Poison Magic
 + Level 0.1 Invocations
 + Level 0.0 Evocations


You had 8 spell levels left.
You knew the following spells:

 Your Spells              Type           Power        Failure   Level  Hunger
a - Pain                  Necr           ####         1%          1    None


Dungeon Overview and Level Annotations

Branches:
Dungeon (2/15)

Altars:
Vehumet


Innate Abilities, Weirdness & Mutations

Your experience applies equally to all skills.
You have very sharp teeth.
Your uncanny sense of smell can sniff out nearby items.


Message History

Welcome, tidbits the Gnoll Necromancer.
It is said that the Orb of Zot exists deep within this dungeon.
Press ? for a list of commands and other information.
Found a runed spear.
Found a staircase leading out of the dungeon.
A hobgoblin comes into view.
Unknown command.
Found a runed hand axe.
Unknown command.
Casting: Pain
Confirm with . or Enter, or press ? or * to list all spells.
Aiming: Pain
Press: ? - help, Shift-Dir - straight line, f - hobgoblin
Aim: a hobgoblin (resting, chance to defeat MR: 93%)
The hobgoblin shouts!
The hobgoblin writhes in agony!
Casting: Pain
Confirm with . or Enter, or press ? or * to list all spells.
Aiming: Pain
Press: ? - help, Shift-Dir - straight line, f/p - hobgoblin
Aim: a hobgoblin (moderately wounded, chance to defeat MR: 93%)
The hobgoblin writhes in agony!
You kill the hobgoblin!
You see here a runed spear.
d - a runed spear Wield which item (- for none, * to show all)? (? for menu, Esc to quit)
Your +0 spear of freezing glows with a cold blue light!
d - a +0 spear of freezing (weapon)
You see here a runed hand axe.
e - a runed hand axe Wield which item (- for none, * to show all)? (? for menu, Esc to quit)
Your +0 spear of freezing stops glowing.
Your +0 hand axe of flaming bursts into flame!
e - a +0 hand axe of flaming (weapon)
Wield which item (- for none, * to show all)? (? for menu, Esc to quit)
Your +0 hand axe of flaming stops flaming.
Your +0 spear of freezing glows with a cold blue light!
d - a +0 spear of freezing (weapon)
Adjust (i)tems, (s)pells, or (a)bilities?
Adjust which item? (? for menu, Esc to quit)
d - a +0 spear of freezing (weapon)
Adjust to which letter? (? for menu, Esc to quit)
a - a +0 spear of freezing (weapon);
d - a +0 robe (worn)
Found 23 arrows.
Found a stone staircase leading down.
A rat comes into view.
A rat comes into view.
Casting: Pain
Confirm with . or Enter, or press ? or * to list all spells.
Aiming: Pain
Press: ? - help, Shift-Dir - straight line, f - rat
Aim: a rat (chance to defeat MR: 93%)
The rat writhes in agony!
You kill the rat!
Attack whom?
Press: ? - help, Dir - move target cursor, f - rat
Aim: a rat (resting)
You reach to attack!
The helpless rat fails to defend itself.
You hit the rat. You freeze the rat.
You kill the rat!
There is a stone staircase leading down here.
You climb downwards.
Found a blue potion and a dagger.
Found a faded altar of an unknown god.
There is a stone staircase leading up here.
Unknown command.
Found a puce potion.
A goblin comes into view.
You see here a blue potion.
f - a blue potion The goblin shouts!
The goblin moves out of view.
Found 3 scrolls labeled WUIJUE NAJUEWK.
There is a faded altar of an unknown god here.
Attack whom?
Press: ? - help, Dir - move target cursor, f - goblin
Aim: a goblin You reach to attack!
You hit the goblin. You freeze the goblin.
You kill the goblin!
You cannot tell which god this altar belongs to.
Convert to them anyway?
Okay, then.
You aren't carrying any pieces of jewellery.
You cannot tell which god this altar belongs to.
Convert to them anyway?
Vehumet accepts your prayer! Vehumet welcomes you!
You can now gain magical power from killing.
Vehumet offers you knowledge of Flame Tongue.
Are you sure you want to abandon this character and quit the game? (Confirm with "yes".)

#..# #..# #
#..# #. ##..#
#. ###..<# #.
#.##....##
....#.......#
.......#..#.#
##...#@#...#
#.#..#....#
....)......#
?.......!...#
###.#####.#.#
... #.#.# #.#
...# .. #.


There were no monsters in sight!

Vanquished Creatures
  A hobgoblin (D:1)
  A goblin (D:2)
  2 rats (D:1)
4 creatures vanquished.

Notes
Turn   | Place    | Note
-------+----------+-------------------------------------------
     0 | D:1      | tidbits the Gnoll Necromancer began the quest for the Orb.
     0 | D:1      | Reached XP level 1. HP: 13/13 MP: 6/6
    56 | D:2      | Found a faded altar of an unknown god.
    65 | D:2      | Became a worshipper of Vehumet
    65 | D:2      | Reached * piety under Vehumet
    65 | D:2      | Offered knowledge of Flame Tongue by Vehumet.
    66 | D:2      | Quit the game

Action                   || total
-------------------------++-------
Melee: Spear             ||     2
 Cast: Pain              ||     3
 Stab: Sleeping          ||     1

Table legend:
 A = Turns spent in this place as a percentage of turns spent in the entire game.
 B = Non-inter-level travel turns spent in this place as a percentage of non-inter-level travel turns spent in the entire game.
 C = Inter-level travel turns spent in this place as a percentage of turns spent in this place.
 D = Turns resting spent in this place as a percentage of non-inter-level travel turns spent in this place.
 E = Turns spent auto-exploring this place as a percentage of non-inter-level travel turns spent in this place.
 F = Non-inter-level travel turns spent in this place divided by the number of levels of this place that you've seen.
                   A       B       C       D       E      F
               +-------+-------+-------+-------+-------+----------------------
         Total | 100.0 | 100.0 |   0.0 |   0.0 |   0.0 |  33.0
       Dungeon | 100.0 | 100.0 |   0.0 |   0.0 |   0.0 |  33.0
               +-------+-------+-------+-------+-------+----------------------

Table legend:
 A = Kills in this place as a percentage of kills in entire the game.
 B = Kills by you in this place as a percentage of kills by you in the entire game.
 C = Kills by friends in this place as a percentage of kills by friends in the entire game.
 D = Other kills in this place as a percentage of other kills in the entire game.
 E = Experience gained in this place as a percentage of experience gained in the entire game.
 F = Experience gained in this place divided by the number of levels of this place that you have seen.
                   A       B       C       D       E      F
               +-------+-------+-------+-------+-------+----------------------
         Total | 100.0 | 100.0 |   N/A |   N/A | 100.0 |   2.5
       Dungeon | 100.0 | 100.0 |   N/A |   N/A | 100.0 |   2.5
               +-------+-------+-------+-------+-------+----------------------

Vault maps used:
D:1:      minmay_arrival_radiant_lines
D:2:      chequers_ecumenical_altar_simple
